 Dungeon Sprint DCSS version 0.20.1-1-g8b1a95d (webtiles) character file.

991 potatolord6000 the Protected (level 7, -7/65 HPs)
             Began as a Deep Dwarf Fighter on Aug 28, 2017.
             Killed from afar by a white imp (8 damage)
             ... with a puff of frost
             ... summoned by a neqoxec
             ... in the Dungeon (Sprint II: "The Violet Keep of Menkaure").
             The game lasted 00:01:52 (124 turns).

potatolord6000 the Protected (Deep Dwarf Fighter)    Turns: 124, Time: 00:01:53

Health: -7/65      AC:  8    Str: 20      XL:     7   Next: 98%
Magic:  14/15      EV:  8    Int:  5 (8)  God:
Gold:   243        SH: 10    Dex:  4 (12) Spells: 18/18 levels left

rFire    . . .     SeeInvis .   a - +0 long sword
rCold    . . .     Gourm    .   c - +0 shield
rNeg     . . .     Faith    .   b - +0 scale mail
rPois    .         Spirit   .   (no helmet)
rElec    .         Reflect  .   (no cloak)
rCorr    .         Harm     .   (no gloves)
MR       +....     NoTele   +   (no boots)
Stlth    ..........             (no amulet)
Regen    0.0/turn               (no ring)
MPRegen  0.2/turn               (no ring)

@: non-regenerating
A: damage resistance, heal wounds, deterioration 2, frail 1, low mp 1, sense
surroundings 1, screaming 1, weak 1, MP-powered wands, no regeneration
a: Heal Wounds


You were in the Dungeon.
You were not hungry.

You visited 1 branch You collected 243 gold pieces.

Inventory:

Hand Weapons
 a - a +0 long sword (weapon)
Armour
 b - a +0 scale mail (worn)
 c - a +0 shield (worn)
Scrolls
 k - a scroll of blinking
Potions
 e - a potion of curing
 g - a potion of heal wounds
 i - 2 potions of magic
 j - a potion of berserk rage
Comestibles
 f - a bread ration


   Skills:
 + Level 7.7 Fighting
 + Level 8.2 Long Blades
 + Level 9.2 Armour
 + Level 9.1 Shields
 + Level 6.4 Spellcasting


You had 18 spell levels left.
You didn't know any spells.

Dungeon Overview and Level Annotations

Branches:
Dungeon (1/1)

Altars:

Annotations:
D exclusion: Roxanne, Roxanne


Innate Abilities, Weirdness & Mutations

You are resistant to damage.
You can heal yourself by infusing magical energy.
You passively map a small area around you.
You do not regenerate.
Your body often deteriorates upon taking damage.
You are frail. (-10% HP)
Your magical capacity is low. (-10% MP)
You occasionally shout uncontrollably at your foes.
You are weak. (Str -2)
You expend magic power (3 MP) to strengthen your wands.


Message History

Unknown command.
Unknown command.
You closely miss the neqoxec.
The neqoxec is almost dead.
The neqoxec gestures.
Unknown command.
You closely miss the neqoxec.
The neqoxec is almost dead.
The neqoxec closely misses you.
You riposte.
You closely miss the neqoxec.
The neqoxec is moderately wounded.
The neqoxec gestures at you.
Something tries to feed on your intellect!
You block the iron imp's attack. The white imp barely misses you.
You hit the neqoxec but do no damage.
The neqoxec is almost dead.
You block the neqoxec's attack. The neqoxec closely misses you.
You block the iron imp's attack. The white imp gestures at you.
The puff of frost hits you!
You die...

# #.##### *
∩ *≈ #.
#†#*#.## ,
,
#$##.##...#
#†.<.+)# +,
* * ,
#.##.##...#
* #.
#'###.## *≈
# ####.####
, #.5##.# ≈
≈ * * *
*#5@3## *
##3## ≈ * ≈
* ≈≈5≈≈≈ ≈
≈ ≈
+++#§§'# ≈
≈ * §.§§§#
≈ §§§§§§#*
* *
≈≈§8§§§..+
* ≈
§§§§§§§## ≈
≈ ≈ ≈ * * *


You could see Roxanne, 2 neqoxecs, an iron imp, a white imp and an ufetubus.

Vanquished Creatures
  A merfolk siren (D)
  2 hippogriffs (D)
  2 neqoxecs (D)
  4 worker ants (D)
9 creatures vanquished.

Vanquished Creatures (others)
  Menkaure (D)
  A crocodile (D)
2 creatures vanquished.

Grand Total: 11 creatures vanquished

Notes
Turn   | Place    | Note
-------+----------+-------------------------------------------
     0 | D        | potatolord6000 the Deep Dwarf Fighter began the quest for the Orb.
     0 | D        | Reached XP level 1. HP: 20/20 MP: 1/1
     1 | D        | Noticed a worker ant
     1 | D        | Noticed a worker ant
    14 | D        | Killed a worker ant
    14 | D        | Reached skill level 1 in Spellcasting
    14 | D        | Reached XP level 2. HP: 26/28 MP: 1/4
    22 | D        | Reached XP level 3. HP: 34/36 MP: 1/6
    32 | D        | Reached skill level 5 in Armour
    35 | D        | Reached skill level 5 in Shields
    35 | D        | Reached XP level 4. HP: 33/45 MP: 2/8
    43 | D        | Noticed a merfolk siren
    60 | D        | Killed a merfolk siren
    60 | D        | Reached skill level 5 in Spellcasting
    60 | D        | Reached XP level 5. HP: 42/56 MP: 5/12
    60 | D        | Reached XP level 6. HP: 47/63 MP: 5/13
    65 | D        | Noticed a hippogriff
    65 | D        | Noticed a hippogriff
    69 | D        | Killed a hippogriff
    69 | D        | Reached XP level 7. HP: 54/72 MP: 6/15
    75 | D        | Killed a hippogriff
    78 | D        | Noticed a neqoxec
    82 | D        | Killed a neqoxec
    84 | D        | Noticed a neqoxec
    84 | D        | Gained mutation: Your magical capacity is low. (-10% MP) [a neqoxec]
    85 | D        | Noticed a neqoxec
    85 | D        | Noticed a neqoxec
    85 | D        | Noticed Roxanne
    87 | D        | Killed Menkaure
    89 | D        | Gained mutation: Your body sometimes deteriorates upon taking damage. [a neqoxec]
    91 | D        | Gained mutation: Your body often deteriorates upon taking damage. [a neqoxec]
    97 | D        | Gained mutation: You are weak. (Str -2) [a neqoxec]
   104 | D        | Gained mutation: You expend magic power (3 MP) to strengthen your wands. [a neqoxec]
   105 | D        | Killed a neqoxec
   116 | D        | Gained mutation: You are frail. (-10% HP) [a neqoxec]
   118 | D        | Gained mutation: You occasionally shout uncontrollably at your foes. [a neqoxec]
   121 | D        | HP: 1/65 [neqoxec (6)]
   124 | D        | Killed from afar by a white imp

Skill      XL: |  1  2  3  4  5  6  7 |
---------------+----------------------+-----
Fighting       | 3 4 6 7 |  7.7
Long Blades    | 3 4 6 7 8 |  8.2
Armour         | 4 5 7 8 9 |  9.2
Shields        | 4 5 7 8 9 |  9.1
Spellcasting   | 1 2 5 6 |  6.4

Action                   |  1- 3 |  4- 6 |  7- 9 || total
-------------------------+-------+-------+-------++-------
Melee: Long sword        |    30 |    18 |    45 ||    93
  Use: Potion            |     1 |     1 |       ||     2
Armor: Scale mail        |     7 |     1 |    35 ||    43
Dodge: Dodged            |    10 |     1 |    33 ||    44
Block: Shield            |    13 |     5 |    47 ||    65
       Rpst.: Long sword |     6 |       |     5 ||    11
